 Dungeon Crawl Stone Soup version 0.30-a0-953-g5f1da4a474 (webtiles) character file.

Game seed: 7092631949812753072

2870 lunkers the Basher (level 10, 0/74 HPs)
             Began as a Meteoran Fighter on Mar 28, 2023.
             Was an Elder of Hepliaklqana.
             Killed from afar by an acid dragon (33 damage)
             ... with a splash of acid
             ... on level 8 of the Dungeon.
             The game lasted 00:07:27 (2654 turns).

lunkers the Basher (Meteoran Fighter)               Turns: 2654, Time: 00:07:27

Health: 0/74       AC:  4    Str: 22    XL:     10   Next: 25%
Magic:  15/15      EV:  8    Int: 11    God:    Hepliaklqana [****..]
Gold:   208        SH:  8    Dex: 13    Spells: 9/9 levels left

rFire   + . .      SeeInvis .    a - +3 flail (drain)
rCold   . . .      Faith    .    u - +0 kite shield
rNeg    + . .      Spirit   .    E - +1 scale mail
rPois   .          Reflect  .    (no helmet)
rElec   .          Rampage  .    (no cloak)
rCorr   .                        (no gloves)
Will    +....                    (no boots) Stlth
                                 n - amulet of regeneration
HPRegen 1.12/turn                s - ring of positive energy
MPRegen 0.14/turn                y - ring of protection from fire

@: lethally poisoned (0 -> -3), corroded, slowed, glowing, very slow
A: reduced essence, sense surroundings 2, otherworldly, glowing, explore regen
a: Renounce Religion, Recall Ancestor, Ancestor Identity, Transference, Idealise


You were on level 8 of the Dungeon.
You worshipped Hepliaklqana.
Hepliaklqana was greatly pleased with you.
You visited 1 branch of the dungeon, and saw 8 of its levels.

You collected 426 gold pieces.
You spent 218 gold pieces at shops.

Inventory:

Hand Weapons
 a - a +3 flail of draining (weapon)
 b - a +1 great mace of holy wrath
 f - a +0 flail of protection
Missiles
 z - 5 curare-tipped darts
Armour
 c - a +0 buckler
 u - a +0 kite shield (worn)
 E - a +1 scale mail (worn)
 F - a +1 pair of boots
Jewellery
 g - an amulet of the acrobat
 n - an amulet of regeneration (around neck)
 q - an amulet of guardian spirit
 s - a ring of positive energy (left hand)
 v - a ring of fire
 y - a ring of protection from fire (right hand)
Wands
 k - a wand of iceblast (18)
 x - a wand of light (8)
 C - a wand of flame (24)
 I - a wand of mindburst (11)
Scrolls
 j - 5 scrolls of teleportation
 r - a scroll of magic mapping
 D - a scroll of enchant weapon
Potions
 d - a potion of heal wounds {unknown}
 e - 6 potions of attraction
 h - 2 potions of flight {unknown}
 i - 3 potions of brilliance
 l - a potion of might
 m - 2 potions of cancellation {unknown}
 o - 3 potions of curing
 p - 3 potions of haste
 t - 3 potions of resistance {unknown}
 w - a potion of magic {unknown}
 A - a potion of invisibility {unknown}
 B - a potion of berserk rage {unknown}


   Skills:
 + Level 5.9 Fighting
 * Level 13.7 Maces & Flails
 + Level 6.5 Armour
 - Level 3.6 Shields
 + Level 5.8 Invocations


You had 9 spell levels left.
You didn't know any spells.
Your spell library contained the following spells:

 Spells                   Type           Power      Damage    Failure   Level
 Magic Dart               Conj           0%         1d3       95%         1
 Call Imp                 Summ           0%         N/A       98%         2
 Sublimation of Blood     Necr           0%         N/A       98%         2
 Wereblood                Tmut           0%         N/A       98%         2
 Mephitic Cloud           Conj/Pois/Air  0%         N/A       100%        3
 Summon Hydra             Summ           0%         N/A       100%        7


Dungeon Overview and Level Annotations

Branches:
Dungeon (8/15) Zot: 2136   Temple (0/1) D:5
   Lair: D:8-11

Altars:
Elyvilon
Fedhas
Gozag
Hepliaklqana
Okawaru
Qazlal
Ru
Trog
Uskayaw
The Shining One

Shops:
D:7 (

Annotations:
D:3 2 transporters


Innate Abilities, Weirdness & Mutations

Your life essence is reduced to manifest your ancestor. (-10% HP)
You passively map the area around you.
You are easily found by Zot.
You glow in the dark.
You regain HP and MP as you explore.


Message History

The splash of acid hits you! The acid corrodes you!
A kobold comes into view. It is wielding a +0 short sword.
The kobold shouts!
A water moccasin comes into view.
A kobold brigand comes into view.
It is wielding a +0 whip and quivering curare-tipped darts.
You see here a +1 pair of boots.
F - a +1 pair of boots The kobold brigand shouts!
You hear a bellow! x2
You sock the kobold!
You kill the kobold!
A kobold comes into view. It is wielding a +0 short sword.
The kobold brigand throws a curare-tipped dart.
The curare-tipped dart hits you.
You are poisoned.
You have difficulty breathing.
You feel yourself slow down. The acid dragon spits acid at you.
The splash of acid hits you!!
* * * LOW HITPOINT WARNING * * *
You hear a shout!
You feel very sick.
The kobold shouts!
You hear a shout!
A kobold comes into view. It is wielding a +0 short sword.
You feel sick.
Teicuih hits the acid dragon with a +0 quarterstaff!
You closely miss the water moccasin.
You feel sick. You block the water moccasin's attack.
The water moccasin bites you.
* * * LOW HITPOINT WARNING * * *
You are more poisoned.
The water moccasin poisons you!
The kobold brigand hits you with a +0 whip.
* * * LOW HITPOINT WARNING * * *
You closely miss the water moccasin.
You feel very sick. The water moccasin closely misses you.
A yak comes into view.
The kobold brigand hits you with a +0 whip.
* * * LOW HITPOINT WARNING * * *
The acid dragon spits acid at you. The splash of acid hits you!!
You die...

#.#..... * *.....)..............
.#..... *###..#..........<.....#
........ #.....................#
,#........#............###.......
.....................##........
.... ..............##.........
,,...## ..............##.........
, * #........................ ,,
*,*+#..#KKS@R............... , *
#....K................. , *
#....###.#.....#..#..... , #...##
##..D....#####... ** ...,
##...?.#.# , * , .Y *#..#>....#
., * * * ..##...>.. ** ,,, , ,
.##,..##. ^, , , * , *


You could see the friendly Teicuih the battlemage, a yak (wandering), a water
moccasin (ally target), an acid dragon (catching breath), a kobold brigand and 2
kobolds.

Vanquished Creatures
  Grinder (D:3)
  Menkaure (D:7)
  Duvessa (D:4)
  An ogre (D:4)
  3 ice beasts
  3 centaurs
  3 scorpions
  A wyvern zombie (D:7)
  An orc priest (D:5)
  A sleepcap (D:6)
  3 iguanas
  An orc wizard (D:5)
  A killer bee zombie (D:7)
  5 gnolls (D:3)
  3 adders
  A shadow imp (D:6)
  A white imp (D:6)
  An ufetubus (D:6)
  A dart slug (D:2)
  14 orcs
  4 ball pythons
  3 endoplasms
  A giant cockroach (D:4)
  2 goblins
  6 hobgoblins
  2 jackals (D:3)
  2 quokkas
  4 bats
  2 frilled lizards (D:1)
  2 goblin zombies (D:3)
  A hobgoblin zombie (D:3)
  4 kobolds
  A kobold skeleton (D:3)
  A kobold zombie (D:3)
  2 orc zombies (D:3)
  2 rats
86 creatures vanquished.

Vanquished Creatures (collateral kills)
  Pikel (D:7)
  A wyvern (D:8)
  Eustachio (D:6)
  A water moccasin (D:7)
  A black bear (D:5)
  2 ogres
  A phantom (D:6)
  A bullfrog (D:6)
  A wyvern zombie (D:7)
  Dowan (D:4)
  A howler monkey (D:6)
  2 orc wizards (D:6)
  A gnoll (D:3)
  2 adders (D:5)
  A white imp (D:3)
  10 orcs
  An endoplasm (D:4)
  A hobgoblin (D:3)
  2 bats
  A frilled lizard (D:3)
  A goblin skeleton (D:3)
  A hobgoblin zombie (D:3)
  A kobold zombie (D:3)
  An orc zombie (D:3)
37 creatures vanquished.

Vanquished Creatures (others)
  A battlemage (D:3)
  10 fungi (D:3)
  3 toadstools (D:3)
14 creatures vanquished.

Grand Total: 137 creatures vanquished

Notes
Turn   | Place    | Note
-------+----------+-------------------------------------------
     0 | D:1      | lunkers the Meteoran Fighter began the quest for the Orb.
     0 | D:1      | Reached XP level 1. HP: 19/19 MP: 2/2
    52 | D:1      | Reached skill level 3 in Maces & Flails
    61 | D:1      | Found a faded altar of an unknown god.
    97 | D:1      | Reached XP level 2. HP: 10/26 MP: 3/3
   163 | D:1      | Prayed at the altar of an unknown god.
   163 | D:1      | Became a worshipper of Hepliaklqana the Forgotten
   163 | D:1      | Reached * piety under Hepliaklqana
   197 | D:1      | Reached skill level 4 in Maces & Flails
   279 | D:2      | Reached XP level 3. HP: 25/27 MP: 4/4
   645 | D:3      | Reached ** piety under Hepliaklqana
   652 | D:3      | Reached skill level 5 in Maces & Flails
   655 | D:3      | Found a glowing golden altar of the Shining One.
   669 | D:3      | Reached XP level 4. HP: 34/34 MP: 5/5
   675 | D:3      | Remembered your ancestor Teicuih as a battlemage
   719 | D:3      | Noticed a scorpion
   724 | D:3      | Killed a scorpion
   725 | D:3      | Reached skill level 6 in Maces & Flails
   725 | D:3      | Reached XP level 5. HP: 40/40 MP: 6/6
   744 | D:3      | Reached skill level 7 in Maces & Flails
   744 | D:3      | Reached XP level 6. HP: 44/45 MP: 7/7
   772 | D:3      | Noticed Grinder
   779 | D:3      | Killed Grinder
   780 | D:3      | Reached skill level 9 in Maces & Flails
   780 | D:3      | Reached XP level 7. HP: 37/51 MP: 8/8
   810 | D:3      | Found a transporter.
   832 | D:3      | Found a transporter.
   919 | D:3      | Found an opulent altar of Gozag.
  1081 | D:4      | Noticed Duvessa
  1082 | D:4      | Noticed Dowan
  1088 | D:4      | Killed Duvessa
  1089 | D:4      | Reached skill level 10 in Maces & Flails
  1089 | D:4      | Killed Dowan
  1090 | D:4      | Reached XP level 8. HP: 55/56 MP: 9/9
  1103 | D:4      | Reached skill level 11 in Maces & Flails
  1185 | D:4      | Found a white marble altar of Elyvilon.
  1344 | D:5      | Entered Level 5 of the Dungeon
  1354 | D:5      | Reached skill level 1 in Invocations
  1451 | D:5      | Found a stormy altar of Qazlal.
  1453 | D:5      | Noticed a water elemental
  1457 | D:5      | Noticed a fire elemental
  1457 | D:5      | Noticed an air elemental
  1530 | D:5      | Found a staircase to the Ecumenical Temple.
  1552 | D:5      | Reached *** piety under Hepliaklqana
  1649 | D:5      | Found a hazy altar of Hepliaklqana.
  1700 | D:5      | Found a hide-covered altar of Uskayaw.
  1806 | D:6      | Noticed Eustachio
  1820 | D:6      | Killed Eustachio
  1937 | D:6      | Found a blossoming altar of Fedhas.
  1952 | D:6      | Gained mutation: You passively map the area around you.
                  | [Meteoran growth]
  1952 | D:6      | Reached XP level 9. HP: 63/63 MP: 10/12
  1981 | D:6      | Found an iron altar of Okawaru.
  1981 | D:6      | Found a bloodstained altar of Trog.
  2023 | D:6      | Reached skill level 12 in Maces & Flails
  2041 | D:6      | Reached skill level 5 in Armour
  2100 | D:7      | Found Jaziteho's Antique Weapon Boutique.
  2216 | D:7      | Bought a runed great mace for 218 gold pieces
  2259 | D:7      | Reached skill level 5 in Fighting
  2301 | D:7      | Reached **** piety under Hepliaklqana
  2377 | D:7      | Reached skill level 13 in Maces & Flails
  2401 | D:7      | Reached skill level 5 in Invocations
  2444 | D:7      | Noticed Menkaure
  2448 | D:7      | Killed Menkaure
  2448 | D:7      | Noticed Pikel
  2449 | D:7      | Reached XP level 10. HP: 46/72 MP: 14/14
  2451 | D:7      | Killed Pikel
  2541 | D:8      | Found a sacrificial altar of Ru.
  2654 | D:8      | Killed from afar by an acid dragon

Illustrated notes

Levels and vault maps discovered:
D:1:      scummos_arrival_hexagon, layout_rooms, basic_ecumenical_altar,
          minmay_tromino_v2
D:2:      layout_basic, minmay_misc_feat_five, kennysheep_generic_room_8
D:3:      gammafunk_steamed_eel, layout_basic, nicolae_tso_besieged_by_evil,
          makhleb_altar_promises_db, lemuel_crystal_altar,
          minmay_gold_behind_fungi, uniq_jessica, uniq_grinder
D:4:      layout_basic, amcnicky_altar_gilded, uniq_duvessa
D:5:      layout_loops_ring, general_overflow_altar,
          mainiacjoe_overflow_chevrons, nicolae_qazlal_style_of_elements,
          minmay_temple_entry_stoned_glass
D:6:      layout_basic, mainiacjoe_overflow_paths,
          grunt_temple_overflow_bloody_war, moated_statue,
          nicolae_elevator_lobby_plus, uniq_eustachio
D:7:      layout_basic, serial_shops, nicolae_shop_statue_plus, serial_undead,
          serial_undead_b, serial_undead_b, serial_undead_b, serial_undead_b,
          uniq_menkaure, uniq_pikel
D:8:      layout_cave_pools, nemelex_diamond_rough_becter,
          nicolae_ru_the_path_less_chosen, marbit_many_paths

Skill      XL: |  1  2  3  4  5  6  7  8  9 |
---------------+----------------------------+-----
Maces & Flails | 3 4 5 6 7 9 10 11 13 | 13.7
Armour         | 4 6 |  6.5
Invocations    | 2 5 |  5.8
Fighting       | 4 5 |  5.9
Shields        | |  3.6

Action                     |  1- 3 |  4- 6 |  7- 9 | 10-12 || total
---------------------------+-------+-------+-------+-------++-------
  Melee: Flail             |    77 |    37 |   104 |    10 ||   228
         Great mace        |       |       |    22 |       ||    22
 Invoke: Ancestor Life: Ba |       |     1 |       |       ||     1
    Use: Scroll            |       |     7 |     5 |     4 ||    16
         Potion            |       |     1 |       |       ||     1
   Stab: Distracted        |       |       |     2 |       ||     2
 Armour: Scale mail        |    36 |    11 |    45 |     4 ||    96
  Dodge: Dodged            |    40 |    12 |    37 |     3 ||    92
  Block: Buckler           |    22 |     6 |    19 |       ||    47
         Kite shield       |       |       |       |     4 ||     4

Table legend: (Time is in decaauts)
 A = Elapsed time spent in this place.
 B = Non-inter-level travel time spent in this place.
 C = Inter-level travel time spent in this place.
 D = Time resting spent in this place.
 E = Time spent auto-exploring this place.
 F = Levels seen in this place.
 G = Mean time per level.
                   A        B        C        D        E       F      G
               +--------+--------+--------+--------+--------+-----+--------+
         Total |   2662 |   2585 |     77 |      0 |   1758 |   8 |  332.8 |
       Dungeon |   2662 |   2585 |     77 |      0 |   1758 |   8 |  332.8 |
               +--------+--------+--------+--------+--------+-----+--------+

Top non-repeatable levels by time:
     D:7: 400 daAuts
     D:2: 394 daAuts
     D:3: 384 daAuts
     D:6: 383 daAuts
     D:5: 364 daAuts
     D:4: 316 daAuts
     D:1: 265 daAuts
     D:8: 153 daAuts
